 Dungeon Crawl Stone Soup version 0.20.1-1-g8b1a95d (webtiles) character file.

966 Lanoc the Thaumaturge (level 7, -8/36 HPs)
             Began as a Deep Elf Necromancer on Nov 27, 2017.
             Was an Initiate of Kikubaaqudgha.
             Killed by nerve-wracking pain
             ... invoked by a shadow imp
              (14 damage)
             ... on level 6 of the Dungeon.
             The game lasted 00:38:59 (5001 turns).

Lanoc the Thaumaturge (Deep Elf Necromancer)        Turns: 5001, Time: 00:39:00

Health: -8/36      AC:  2    Str:  5    XL:     7   Next: 93%
Magic:  3/21       EV: 13    Int: 24    God:    Kikubaaqudgha [......]
Gold:   189        SH:  0    Dex: 15    Spells: 7/23 levels left

rFire    + . .     SeeInvis .   w - staff of earth
rCold    . . .     Gourm    .   (no shield)
rNeg     . . .     Faith    .   a - +0 robe
rPois    .         Spirit   .   (no helmet)
rElec    .         Reflect  .   (no cloak)
rCorr    .         Harm     .   (no gloves)
MR       .....                  (no boots)
Stlth    ++........             (no amulet)
Regen    1.2/turn               m - ring of protection from fire
MPRegen  0.2/turn               u - +2 ring of intelligence

@: regenerating
A: no striking features
a: Renounce Religion


You were on level 6 of the Dungeon.
You worshipped Kikubaaqudgha.
Kikubaaqudgha was noncommittal.
You were not hungry.

You visited 2 branches of the dungeon, and saw 7 of its levels.

You collected 189 gold pieces.

Inventory:

Armour
 a - a +0 robe (worn)
Magical Staves
 t - an uncursed staff of fire
 w - an uncursed staff of earth (weapon)
Jewellery
 m - a ring of protection from fire (left hand)
 u - a +2 ring of intelligence (right hand)
Wands
 q - a wand of clouds (4/9)
Scrolls
 e - 2 scrolls of remove curse
 f - 4 scrolls of identify
 g - 2 scrolls of blinking {unknown}
 k - a scroll of magic mapping
 r - a scroll of amnesia {unknown}
 s - a scroll of fog {unknown}
Potions
 d - 2 potions of brilliance
 h - a potion of might
 i - a potion of magic
 l - a potion of haste
 n - a potion of cancellation {unknown}
 p - a potion of flight
 v - a potion of ambrosia {unknown}
 z - a potion of curing {unknown}
Books
 b - a book of Necromancy

   Spells                             Type                      Level
   a - Pain                           Necromancy                   1
   b - Animate Skeleton               Necromancy                   1
   c - Vampiric Draining              Necromancy                   3
   d - Regeneration                   Charms/Necromancy            3
   e - Animate Dead                   Necromancy                   4
   f - Control Undead                 Necromancy                   4
Comestibles
 c - 3 bread rations
 o - a royal jelly
 x - a chunk of flesh


   Skills:
 + Level 0.2 Fighting
 + Level 2.9 Dodging
 + Level 3.2 Stealth
 + Level 0.1 Unarmed Combat
 + Level 8.8 Spellcasting
 + Level 8.8 Necromancy


You had 7 spell levels left.
You knew the following spells:

 Your Spells              Type           Power        Failure   Level  Hunger
a - Pain                  Necr           ####         1%          1    None
b - Animate Skeleton      Necr           N/A          1%          1    None
c - Vampiric Draining     Necr           ######....   1%          3    None
d - Control Undead        Necr           ######....   1%          4    ##.....
e - Regeneration          Chrm/Necr      ####......   3%          3    None
f - Animate Dead          Necr           N/A          1%          4    ##.....


Dungeon Overview and Level Annotations

Branches:
Dungeon (6/15)             Temple (1/1) D:5

Altars:
Dithmenos
Elyvilon
Fedhas
Kikubaaqudgha
Makhleb
Qazlal
Ru
Sif Muna
Trog
Uskayaw
Xom
Yredelemnul
The Shining One

Shops:
D:5 :

Annotations:
D:4 PipsiMox's ghost, amateur MiFi


Message History

The shadow imp hits you but does no damage.
Things that are here:
a dagger; a robe The shadow imp hits you.
The shadow imp gestures at you. Pain shoots through your body!
* * * LOW HITPOINT WARNING * * *
Okay, then.
Casting: Vampiric Draining
Confirm with . or Enter, or press ? or * to list all spells.
Okay, then.
Casting: Vampiric Draining
Confirm with . or Enter, or press ? or * to list all spells.
Your skin crawls.
The shadow imp gestures at you.
You struggle to resist.
The shadow imp gestures at you. Pain shoots through your body!
You die...
Kikubaaqudgha rasps: "You have failed me!
Welcome... death!"

##......## ##........##
##..........##
##...)........##
##..........(...##
#................##
..................## .
...................##.....
.............5..@...#.....
...........................
......)....................
...........................
.)....................#####
.....................##
....)...............##
.....(.............##
..................##


You could see a shadow imp.

Vanquished Creatures
  A sky beast (D:5)
  An ice beast (D:4)
  An ogre (D:6)
  Blork the orc (D:4)
  A scorpion (D:6)
  3 orc wizards
  Ijyb (D:4)
  4 worker ants
  14 adders
  2 oozes
  An adder skeleton (D:6)
  2 worms (D:3)
  3 leopard geckos
  8 orcs
  5 giant cockroaches
  7 goblins
  11 hobgoblins
  7 jackals
  6 kobolds
  A quokka (D:5)
  4 ball pythons (D:3)
  3 bats
  12 frilled lizards
  A giant cockroach zombie (D:6)
  6 rats
106 creatures vanquished.

Vanquished Creatures (collateral kills)
  Sigmund (D:4)
  An ogre (D:4)
  A hound (D:4)
  A worker ant (D:4)
  4 adders
  A shadow imp (D:5)
  A worm (D:4)
  A leopard gecko (D:6)
  2 giant cockroaches
  3 jackals (D:4)
  4 ball pythons (D:3)
  A frilled lizard (D:3)
21 creatures vanquished.

Grand Total: 127 creatures vanquished

Notes
Turn   | Place    | Note
-------+----------+-------------------------------------------
     0 | D:1      | Lanoc the Deep Elf Necromancer began the quest for the Orb.
     0 | D:1      | Reached XP level 1. HP: 10/10 MP: 6/6
     2 | D:1      | Learned a level 1 spell: Animate Skeleton
   104 | D:1      | Reached skill level 5 in Necromancy
   188 | D:1      | Reached XP level 2. HP: 6/15 MP: 5/8
   864 | D:2      | Reached XP level 3. HP: 3/19 MP: 1/10
  1460 | D:2      | Reached XP level 4. HP: 21/24 MP: 10/12
  1468 | D:2      | Learned a level 3 spell: Vampiric Draining
  1473 | D:2      | Learned a level 4 spell: Control Undead
  1477 | D:2      | Learned a level 3 spell: Regeneration
  2040 | D:3      | Reached skill level 5 in Spellcasting
  2456 | D:3      | Reached XP level 5. HP: 24/28 MP: 12/14
  3134 | D:4      | Noticed Ijyb
  3134 | D:4      | Noticed an ice beast
  3141 | D:4      | Noticed Sigmund
  3142 | D:4      | Found a shimmering altar of Xom.
  3224 | D:4      | Noticed Blork the orc
  3255 | D:4      | Killed Blork the orc
  3255 | D:4      | Reached XP level 6. HP: 13/32 MP: 9/17
  3380 | D:4      | Killed an ice beast
  3415 | D:4      | Noticed PipsiMox's ghost (amateur MiFi)
  3430 | D:4      | Killed Ijyb
  3673 | D:4      | Killed Sigmund
  3721 | D:4      | Reached XP level 7. HP: 36/36 MP: 11/19
  3885 | D:5      | Entered Level 5 of the Dungeon
  3940 | D:5      | Learned a level 4 spell: Animate Dead
  4356 | D:5      | Found Sagol's Book Shoppe.
  4382 | D:5      | Found a staircase to the Ecumenical Temple.
  4558 | Temple   | Entered the Ecumenical Temple
  4644 | Temple   | Became a worshipper of Kikubaaqudgha
  4996 | D:6      | HP: 1/36 [shadow imp/nerve-wracking pain (10)]
  5001 | D:6      | Killed from afar by a shadow imp

Skill      XL: |  1  2  3  4  5  6  7 |
---------------+----------------------+-----
Necromancy     | 5 6 7 8 |  8.8
Spellcasting   | 4 5 6 7 8 |  8.8
Stealth        | 3 |  3.2
Fighting       | |  0.2
Dodging        | |  2.9
Unarmed Combat | |  0.1

Action                   |  1- 3 |  4- 6 |  7- 9 || total
-------------------------+-------+-------+-------++-------
Melee: Unarmed           |     1 |     5 |       ||     6
       Staff             |       |       |    15 ||    15
 Cast: Pain              |    59 |   108 |    50 ||   217
       Animate Skeleton  |     9 |    27 |     8 ||    44
       Vampiric Draining |       |    10 |    13 ||    23
       Control Undead    |       |     5 |     3 ||     8
       Animate Dead      |       |       |     3 ||     3
       Regeneration      |       |       |     1 ||     1
  Use: Scroll            |     1 |     4 |       ||     5
       Potion            |       |     6 |     1 ||     7
 Stab: Sleeping          |     1 |       |       ||     1
  Eat: Chunk             |     1 |     8 |     4 ||    13
Armor: Robe              |       |     9 |     5 ||    14
Dodge: Dodged            |     9 |    51 |    26 ||    86
